 Dungeon Crawl Stone Soup version bcrawl-1.18.1 (webtiles) character file.

Game seed: 10975170643612383062

3 MisterOstroum the Poker (level 1, 7/17 HPs)
             Began as a Formicid Gladiator on Nov 11, 2019.
             Got out of the dungeon alive.
             The game lasted 00:01:16 (79 turns).

MisterOstroum the Poker (Formicid Gladiator)          Turns: 79, Time: 00:01:16

Health: 7/17       AC:  3    Str: 18    XL:     1   Next: 55%
Magic:  1/1        EV: 12    Int:  7    God:
Gold:   0          SH:  0    Dex: 12    Spells: 0/0 levels left

rFire    . . .     SeeInvis +   f - -1 short sword (curse)
rCold    . . .     Gourm    .   (no shield)
rNeg     . . .     Faith    .   b - +0 leather armour
rPois    .         Spirit   .   (helmet unavailable)
rElec    .         Reflect  .   (no cloak)
rCorr    .         Harm     .   (no gloves)
MR       .....                  (no boots)
Stlth    +.........             (no amulet)
HPRegen  0.05/turn              (no ring)
MPRegen  0.07/turn              (no ring)

@: no status effects
A: permanent stasis, dig shafts and tunnels, four strong arms, antennae 3
a: Dig, Shaft Self


You escaped.
You were not hungry.

You visited 1 branch of the dungeon, and saw 1 of its levels.

Inventory:

Hand Weapons
 a - a +0 trident
 f - a cursed -1 short sword (weapon)
Missiles
 c - 3 throwing nets (quivered) {!f!f}
Armour
 b - a +0 leather armour (worn)
Scrolls
 d - a scroll of magic mapping {unknown}
Comestibles
 e - a ration {!d}


   Skills:
 * Level 2.3 Fighting
 - Level 3.0 Polearms
 - Level 2.0 Throwing
 + Level 2.7 Dodging


You couldn't memorise any spells.
You didn't know any spells.
Your spell library was empty.

Dungeon Overview and Level Annotations

Branches:
Dungeon (1/12)

Altars:


Innate Abilities, Weirdness & Mutations

You cannot be hasted, slowed, berserked, paralysed or teleported.
You can dig through walls and to a lower floor.
Your four strong arms can wield two-handed weapons with a shield.
You have a pair of large antennae on your head. (SInv)


Message History

e - a ration Welcome, MisterOstroum the Formicid Gladiator.
Will you prevail where others failed? Will you find the Orb of Zot?
Press ? for a list of commands and other information.
Found four items.
Found an escape hatch in the floor.
Found a staircase leading out of the dungeon.
d - a scroll labeled WENWUO IJUSARI A kobold comes into view.
It is wielding a +0 dagger.
The kobold shouts!
The kobold throws a stone.
The stone hits you but does no damage.
The kobold throws a stone.
The stone barely misses you.
A goblin comes into view. It is wielding a +0 dagger.
The goblin shouts!
You hear a shout!
Found a stone staircase leading down.
You puncture the kobold!
You kill the kobold!
A goblin comes into view.
The goblin shouts!
You puncture the goblin!
You kill the goblin!
A goblin comes into view. It is wielding a +0 dagger.
You see here a +0 dagger.
You see here a glowing short sword.
You closely miss the goblin. The goblin misses you.
A hobgoblin comes into view. It is wielding a +0 club.
f - a glowing short sword The goblin closely misses you.
Wield which item (- for none, * to show all)? (? for menu, Esc to quit)
It sticks to your hand!
f - a cursed -1 short sword (weapon)
The goblin misses you.
You closely miss the goblin. The goblin barely misses you.
The goblin hits you with a +0 dagger.
You see here a +0 dagger.
Things that are here:
a +0 dagger; a kobold corpse You closely miss the goblin.
The goblin closely misses you.
You hit the goblin.
The goblin is severely wounded.
The goblin hits you but does no damage.
You hit the goblin but do no damage.
The goblin is severely wounded.
The goblin hits you but does no damage.
You closely miss the goblin.
The goblin is severely wounded.
The goblin hits you but does no damage. x2
You closely miss the goblin.
The goblin is heavily wounded.
The goblin hits you but does no damage.
Your leather armour prevents you from hitting the goblin.
The goblin is heavily wounded.
The goblin barely misses you.
You hit the goblin.
You kill the goblin!
You hit the hobgoblin but do no damage. The hobgoblin hits you with a +0 club.
You hit the hobgoblin but do no damage. The hobgoblin hits you with a +0 club.
You are too injured to fight recklessly!
You closely miss the hobgoblin.
The hobgoblin hits you but does no damage.
A frilled lizard and a rat come into view.
You see here 22 gold pieces.
Found a stone staircase leading down.
Why would you want to do that?
There is a staircase leading out of the dungeon here.
Are you sure you want to leave the Dungeon?
This will make you lose the game! The hobgoblin misses you.
You have escaped!

####.......# ##.
.......[...# >....
...........#######..#..
#..................# .
#.....)..).....## .###
####.≈≈≈≈≈≈≈≈≈≈...... ...
#....≈........≈...###
#..#)≈≈.≈.≈≈.....≈...#
#.#.≈..≈@.≈.r...≈..>#
#...≈..§≈g§.≈≈..≈...#
##.#.≈....g≈.>≈..≈..###
#....≈....l§≈.≈.§≈.....
#...#..§......§.≈.....###
#..###..≈≈≈≈§§§≈≈§§....#
#.# ##.......§.§$...#.#
.. #########..###...#
#......###


You could see a hobgoblin, a goblin, a frilled lizard and a rat.

Vanquished Creatures
  2 goblins (D:1)
  A kobold (D:1)
3 creatures vanquished.

Notes
Turn   | Place    | Note
-------+----------+-------------------------------------------
     0 | D:1      | MisterOstroum the Formicid Gladiator began the quest for
                  | the Orb.
     0 | D:1      | Reached XP level 1. HP: 16/16 MP: 1/1
    79 | D:$      | Got out of the dungeon alive.

Action                   || total
-------------------------++-------
Melee: Short sword       ||    11
       Trident           ||     3
Armor: Leather armour    ||     3
Dodge: Dodged            ||     8
